 Dungeon Crawl Stone Soup version 0.18.1-48-g4cf74bf (webtiles) character file.

157 MovingMist the Skirmisher (level 5, 0/47 HPs)
             Began as a Minotaur Abyssal Knight on Aug 20, 2016.
             Was a Priest of Lugonu.
             Slain by Sigmund
             ... wielding a +0 scythe
              (11 damage)
             ... on level 3 of the Dungeon.
             The game lasted 00:05:51 (1789 turns).

MovingMist the Skirmisher (Minotaur Abyssal Knight) Turns: 1789, Time: 00:05:51

Health: 0/47       AC: 11    Str: 14    XL:     5   Next: 15%
Magic:  6/6        EV:  9    Int:  9    God:    Lugonu [***...]
Gold:   96         SH:  0    Dex: 11    Spells: 0 memorised, 4 levels left

rFire  x . .     SeeInvis .     o - +1 war axe
rCold  + + .     Gourm    .     g - +0 ice dragon armour
rNeg   . . .     Faith    .     (no shield)
rPois  .         Spirit   .     (helmet restricted)
rElec  .         Dismiss  .     j - +0 cloak
rCorr  .         Reflect  .     (no gloves)
SustAt .         Harm     .     (no boots)
MR     .....                    (no amulet)
Stlth  ..........               (no ring)
                                (no ring)

@: not resistant to hostile enchantments, extremely unstealthy
A: retaliatory headbutt, horns 2, mutation resistance 1, sense surroundings 1,
weak 1, subdued magic 1
a: Depart the Abyss, Bend Space, Banish, Renounce Religion


You were on level 3 of the Dungeon.
You worshipped Lugonu.
Lugonu was most pleased with you.
You were not hungry.

You visited 1 branch of the dungeon, and saw 3 of its levels.
You visited the Abyss 1 time.

You collected 96 gold pieces.

Inventory:

Hand Weapons
 a - a +1 hand axe
 o - a +1 war axe (weapon)
Armour
 g - a +0 ice dragon armour (worn)
 j - a +0 cloak (worn)
Jewellery
 l - an uncursed amulet of rage
Scrolls
 n - a scroll of fear
 t - a scroll of remove curse
Potions
 b - a potion of lignification
 e - 2 potions of cancellation
 i - 3 potions of ambrosia {unknown}
 k - a potion of curing {unknown}
 m - 2 potions of haste {unknown}
 p - 2 potions of degeneration {unknown}
Comestibles
 c - 2 bread rations
 d - 4 meat rations
 f - 4 chunks of flesh
 h - 2 beef jerkies
 q - a royal jelly
 s - a slice of pizza


   Skills:
 + Level 4.4 Fighting
 + Level 4.1 Axes
 + Level 3.9 Armour
 - Level 1.1 Dodging
 + Level 3.0 Invocations


You had 4 spell levels left.
You didn't know any spells.

Dungeon Overview and Level Annotations

Branches:
Dungeon (3/15)

Altars:

Annotations:
D:3 Sigmund


Innate Abilities, Weirdness & Mutations

You reflexively headbutt those who attack you in melee.
You have a pair of horns on your head.
You are somewhat resistant to further mutation.
You passively map a small area around you.
You are weak. (Str -2)
Your spells are a little easier to cast, but a little less powerful.


Message History

You hear some strange, mumbled words.
Something tries to affect you, but you resist.
You hear some strange, mumbled words.
Something tries to affect you, but you resist.
A magic dart appears from out of thin air!
The magic dart hits you! Something hits you! Something hits you.
A magic dart appears from out of thin air!
The magic dart hits you! Something hits you but does no damage.
You hit something. Something hits you!
* * * LOW HITPOINT WARNING * * *
You barely miss something. Something hits you but does no damage.
You miss something.
You hear some strange, mumbled words.
A magic dart appears from out of thin air!
The magic dart hits you!
You miss something. Something hits you!
You die...

##................##..
#.....................
#...............##....
#................#....
#..........#####......
#..........# ###....
##........## #.##.
##........## ###..
#....@.....# ,.
#..........# ,
#.........>#
#..........#
#..........#
##........##
##......## ########


There were no monsters in sight!

Vanquished Creatures
  An orc priest (D:3)
  2 adders
  A shadow imp (D:3)
  An ooze (D:2)
  7 worms
  2 giant geckos
  4 orcs (D:3)
  3 giant cockroaches
  6 goblins
  6 hobgoblins
  13 jackals
  7 kobolds
  A quokka (D:2)
  A ball python (D:3)
  4 bats
  4 giant newts
  3 rats
66 creatures vanquished.

Notes
Turn   | Place    | Note
--------------------------------------------------------------
     0 | Abyss:1  | MovingMist the Minotaur Abyssal Knight began the quest for the Orb.
     0 | Abyss:1  | Reached XP level 1. HP: 19/19 MP: 1/1
    25 | D:1      | Escaped the Abyss
   305 | D:1      | Reached XP level 2. HP: 24/27 MP: 2/2
   722 | D:1      | Reached ** piety under Lugonu
   864 | D:2      | Reached XP level 3. HP: 28/33 MP: 3/3
  1302 | D:2      | Reached XP level 4. HP: 32/40 MP: 4/4
  1368 | D:2      | Gained mutation: Your spells are a little easier to cast, but a little less powerful. [potion of mutation]
  1368 | D:2      | Gained mutation: Armour fits poorly on your strangely shaped body. [potion of mutation]
  1368 | D:2      | Gained mutation: You are weak. (Str -2) [potion of mutation]
  1369 | D:2      | Gained mutation: You passively map a small area around you. [potion of mutation]
  1369 | D:2      | Gained mutation: You are somewhat resistant to further mutation. [potion of mutation]
  1370 | D:2      | Lost mutation: Armour fits poorly on your strangely shaped body. [potion of mutation]
  1521 | D:3      | Reached *** piety under Lugonu
  1648 | D:3      | Reached XP level 5. HP: 32/47 MP: 6/6
  1766 | D:3      | Noticed Sigmund
  1789 | D:3      | Slain by Sigmund

Skill      XL: |  1  2  3  4  5 |
---------------+----------------+-----
Armour         | 3 |  3.9
Invocations    | 2 3 |  3.0
Axes           | 3 4 |  4.1
Fighting       | 4 |  4.4
Dodging        | |  1.1

Action                   |  1- 3 |  4- 6 || total
-------------------------+-------+-------++-------
Melee: Hand axe          |    87 |     3 ||    90
       Headbutt          |    11 |    10 ||    21
       War axe           |       |    61 ||    61
  Use: Scroll            |     4 |     6 ||    10
       Potion            |       |     3 ||     3
  Eat: Chunk             |     1 |     2 ||     3
Armor: Ice dragon armour |    62 |    29 ||    91
Dodge: Dodged            |    43 |    29 ||    72
